[Event "ChessKid Cup Div-II 2023"]
[Site "Online"]
[Date "2023.05.25"]
[Round "54.2"]
[White "Mamedyarov, Shakhriyar"]
[Black "Sadhwani, Raunak"]
[Result "1/2-1/2"]
[ECO "D38"]
[WhiteElo "2738"]
[BlackElo "2627"]
[Annotator "TA"]
[PlyCount "134"]
[EventDate "2023.05.21"]
[EventType "k.o."]
[EventCountry "NET"]
[SourceTitle "playchess.com"]
[Source "ChessBase"]
[SourceQuality "1"]
[TimeControl "900+3"]

1. d4 Nf6 2. c4 e6 3. Nc3 Bb4 4. Nf3 d5 5. cxd5 exd5 6. Bf4 {[%emt 0:00:01] D38: Queen's Gambit Declined: Ragozin Defence (4 Nf3 Bb4).} Ne4 {[%emt 0:00:31] is cutting edge theory.} 7. Rc1 Nc6 8. e3 (8. Nd2 $11) 8... Bf5 ({Better is} 8... g5 $1 $15 9. Bg3 h5) 9. Bd3 $1 $14 O-O 10. O-O Re8 {[%emt 0:01:12] [#]} 11. Qc2 $146 ({Predecessor:} 11. Bb5 Bxc3 12. bxc3 Re6 13. c4 dxc4 14. d5 Rg6 15. dxc6 bxc6 16. Qxd8+ Rxd8 17. Bxc4 Bh3 18. Bg3 Bg4 19. Ne5 Rg5 20. Nxg4 Rxg4 21. Bxc7 Rd7 22. f3 {1-0 Injac,T (2290)-Sailer,M (2109) Titled Tuesday intern op 29th Dec blitz 2020 (2)}) 11... Bg6 12. Rfd1 Nxc3 13. bxc3 {[%emt 0:00:04] Black must now prevent Bxg6.} Bd6 14. Bxg6 hxg6 15. Bxd6 Qxd6 16. c4 dxc4 17. Qxc4 Re7 18. Qb5 (18. Ng5 {feels hotter.} Qf6 19. Qb5 Rf8 20. Nf3) 18... Nd8 19. d5 Rd7 (19... c6 $142 20. dxc6 {[%mdl 64] Discovered Attack} bxc6) 20. Qa4 $16 {[%emt 0:01:33] White is much more active. The black rooks are badly placed.} Re7 21. Qc4 a6 22. Ng5 {[%emt 0:00:18][%cal Bf3g5,Bg5e4,Be4d6,Bd6c4,Bc4a5,Ba5b3,Bb3c5][%mdl 32] And now Qh4 would win.} f6 (22... Re5 $16) 23. Ne4 $36 {[%emt 0:00:11][%mdl 2048] Black is under strong pressure.} b5 24. Nxd6 bxc4 25. Nxc4 Rd7 26. Na5 Rb8 27. Nb3 c6 28. d6 (28. dxc6 $6 Rxd1+ 29. Rxd1 Nxc6 $16) 28... Kf7 29. h4 Ra7 30. Rc4 a5 31. Nc5 Rb2 (31... Rb4 $142 32. Rcd4 Rb2) 32. a3 Rb5 33. d7 a4 34. g3 (34. Rxa4 $6 Raa5 $16) 34... Raa5 35. Rdc1 (35. Nxa4 Rd5 36. Rdd4 Ke6 37. Re4+ Re5) 35... Ke7 36. Kg2 Kd6 37. Rd1+ Kc7 38. Nxa4 Rd5 39. Rxd5 Rxd5 {[%emt 0:00:00][%mdl 4096] Endgame KRN-KRN} 40. Rd4 {[%emt 0:01:09] Hoping for Rxd5.} (40. Nc5 Kb6 $16) 40... Ra5 41. Rg4 Ne6 42. Nb2 (42. Re4 {simplifies} Kxd7 43. Nb6+ Ke7 44. Rc4) 42... Nf8 $2 (42... Rxa3 $16 43. Rxg6 Kxd7) 43. Ra4 $1 (43. Nc4 Ra6 44. Kf3 c5 $16) 43... Rxa4 44. Nxa4 Nxd7 {[%emt 0:00:00] KN-KN} 45. Kf3 (45. e4 $18) 45... Ne5+ $16 46. Ke4 {[%emt 0:00:20] aiming for Nc5.} Nc4 {[%emt 0:00:00] [#]} 47. h5 Nd6+ $11 48. Kf3 {[%emt 0:00:09] Threatens to win with Nc5.} gxh5 49. Nc5 {[%emt 0:00:03] Strongly threatening Ne6+.} g5 (49... Kb6 $5 50. Ne6 g5 $11) 50. a4 Nb7 $2 (50... Nf7 $11) 51. Ne4 $18 h4 52. gxh4 (52. Nxf6 $18 {and the rest is easy. Ne4 is the strong threat.} Nc5 53. a5) 52... gxh4 $16 53. Nxf6 Kb6 (53... c5 $14) 54. Kg4 Ka5 $2 (54... c5 $16 {is a better chance.}) 55. e4 $18 (55. Kxh4 c5 $16) 55... Kxa4 56. e5 (56. Kxh4 c5 57. e5 Kb4 $18) 56... c5 57. f4 {[%emt 0:00:02][%cal Bf2f4,Bf4f5,Bf5f6][%mdl 32] Intending f5! and mate.} (57. Kxh4 Kb4 58. e6 Nd6 $16) 57... c4 58. Ne4 (58. Kxh4 c3 59. Ne4 c2 60. Nc3+ Kb4 $11) (58. Nd5 $142 {[%cal Of4f5] f5! would kill now.} Kb3 59. f5) 58... Kb5 $2 (58... h3 59. Kxh3 Kb4) 59. f5 {[%emt 0:00:01][%cal Oe5e6] White threatens e6! and mate.} Kc6 60. e6 $2 (60. Nc3 $18 Nd8 61. Kxh4) 60... Nd6 $2 {[%emt 0:00:07][%mdl 8192] [#]} (60... h3 $11 61. Kxh3 Nd6) 61. e7 $1 Ne8 62. f6 $1 (62. Kxh4 Kd7 $11) 62... Kd7 63. Kf5 (63. Kxh4 Nxf6 64. Nxf6+ Kxe7 $11) 63... h3 {[%emt 0:00:04] [#]} 64. Nc5+ $2 (64. Ke5 $1 h2 65. Nc5+ Kc7 66. Ne6+ (66. f7 h1=Q $11) 66... Kd7 67. Nf8+ Kc7 68. f7 Ng7 69. Ne6+ (69. e8=R h1=Q $17) (69. e8=Q Nxe8 70. fxe8=Q h1=Q $16) (69. e8=N+ Kd8 $11) 69... Kb6 70. f8=Q (70. e8=B h1=Q $11)) 64... Kd6 $14 65. Ne4+ $2 (65. Nb7+ $14 Kd7 66. Nc5+ Kd6 67. Ne4+ Kd7 68. Ke5) 65... Kd7 {[%emt 0:00:01] [#]} 66. Nc5+ $2 (66. Ke5 $1 {mates} h2 67. Nc5+ Kc7 68. Ne6+ (68. f7 h1=Q $11) 68... Kc6 69. f7 Kd7 70. Ng7 {[%mdl 64] Promotion} (70. f8=B $2 {perishes.} h1=Q $19) 70... Nxg7 71. f8=Q (71. f8=R $2 h1=Q $19)) 66... Kd6 67. Ne4+ $2 (67. Nb7+ $14 Kd7 68. Nc5+) 67... Kd7 {[%emt 0:00:00][%mdl 32768] Weighted Error Value: White=0.31/Black=0.41. An unexpected result.} 1/2-1/2

[Event "ChessKid Cup Div-II 2023"]
[Site "Online"]
[Date "2023.05.25"]
[Round "54.2"]
[White "Andreikin, Dmitry"]
[Black "Oparin, Grigoriy"]
[Result "1/2-1/2"]
[ECO "A80"]
[WhiteElo "2729"]
[BlackElo "2667"]
[Annotator "TA"]
[PlyCount "50"]
[EventDate "2023.05.21"]
[EventType "k.o."]
[EventCountry "NET"]
[SourceTitle "playchess.com"]
[Source "ChessBase"]
[SourceQuality "1"]
[TimeControl "900+3"]

1. d4 f5 2. Nf3 Nf6 3. Bg5 e6 4. Nbd2 d5 5. e3 Nbd7 6. c4 {[%emt 0:00:12] A80: Dutch Defence: Unusual White second moves.} c6 7. Bd3 {[%emt 0:00:21] [#]} h6 $146 ({Predecessor:} 7... Bd6 8. O-O O-O 9. cxd5 cxd5 10. Bf4 Qc7 11. Rc1 Qb8 12. Bxd6 Qxd6 13. Qc2 Ne4 {½-½ Bianco,V (2008)-Stefansson,V (2291) Douglas IoM op 2018 (7)}) 8. Bf4 {[%emt 0:00:09][%cal Bg5f4,Bf4g3,Bg3d6][%mdl 32] White is slightly better.} g5 {[%emt 0:00:31] [#] Wards off Nh4. aiming for ...dxc4.} 9. Bg3 $1 Bg7 10. cxd5 {[%emt 0:00:09] White is more active.} Nxd5 11. Bd6 N7f6 12. Ba3 a5 13. Qb3 {[%emt 0:02:00] Dodges Nb4} (13. Ne5 $16) 13... Nb4 14. Bxb4 $16 axb4 15. Qxb4 Nd5 16. Qb3 O-O 17. O-O h5 18. Ne5 h4 19. Bc4 h3 20. g3 f4 $2 {[%emt 0:00:32] Black cannot hold the game after this.} (20... g4 $16) 21. Ne4 {[%emt 0:00:19] Hoping for gxf4. Excellent horsemanship.} Rf5 (21... b5 $142) 22. exf4 $18 {[%emt 0:00:47] White has a decisive advantage.} gxf4 23. g4 {[%emt 0:00:07][%mdl 64] [#] Discovered Attack} Rxe5 24. dxe5 Qh4 25. Kh1 Bxe5 {[%emt 0:00:05][%mdl 32768] Weighted Error Value: White=0.12 (very precise) /Black=0.36. An unexpected result.} 1/2-1/2

[Event "ChessKid Cup Div-II 2023"]
[Site "Online"]
[Date "2023.05.25"]
[Round "54.3"]
[White "Mamedyarov, Shakhriyar"]
[Black "Sadhwani, Raunak"]
[Result "1-0"]
[ECO "E13"]
[WhiteElo "2738"]
[BlackElo "2627"]
[Annotator "TA"]
[PlyCount "43"]
[EventDate "2023.05.21"]
[EventType "k.o."]
[EventCountry "NET"]
[SourceTitle "playchess.com"]
[Source "ChessBase"]
[SourceQuality "1"]
[TimeControl "900+3"]

1. d4 Nf6 2. c4 e6 3. Nc3 Bb4 4. Nf3 O-O 5. Bg5 h6 6. Bh4 b6 7. Nd2 Bb7 {[%emt 0:00:11] [#]} 8. e4 $1 {[%emt 0:00:05] White wants to play e5. E13: Queen's Indian/Nimzo-Indian hybrid: 4 Nc3 Bb7 5 Bg5 h6 6 Bh4 Bb4.} g5 (8... Bxe4 $2 9. Ndxe4 g5 10. Nxf6+ Qxf6 11. Bg3 $18) (8... d6 9. f3) 9. Bg3 {[%emt 0:00:04] next e5 is good for White.} Nxe4 10. Ndxe4 {[%emt 0:00:21] The position is equal.} Bxe4 11. h4 d6 {[%emt 0:01:10] [#]} 12. Qd2 $146 ({Predecessor:} 12. hxg5 hxg5 13. Bd3 Bg6 14. Bxg6 fxg6 15. c5 bxc5 16. dxc5 Qf6 17. O-O Bxc3 18. bxc3 dxc5 {1-0 Chuprov,D (2548)-Denisov,I (2257) Khanty-Mansiysk Governor Cup 6th 2010 (2)}) 12... Nd7 13. hxg5 {[%emt 0:00:09] And now Qf4 would win.} hxg5 14. O-O-O Bg6 {[%emt 0:00:29] Against Rh5} 15. f4 Qf6 16. Qe3 {[%emt 0:01:07] Hoping for Ne4.} Bxc3 (16... Qf5 $2 17. Bd3 Qg4 18. Ne4 Bxe4 19. Bxe4 $18) 17. bxc3 Rae8 ({Don't play} 17... Qf5 18. Bd3 Qg4 19. Be2 $16 (19. fxg5 Bxd3 20. Rxd3 Kg7 $14)) 18. fxg5 Qf5 {[%emt 0:00:03][%mdl 8192] This move loses the game for Black.} (18... Qg7 $1 $11 {and Black stays safe.}) 19. Bd3 $18 Qa5 20. Kb2 b5 $2 {[%emt 0:00:56] [#]} (20... Kg7 $18 21. Rdf1 Qa6) 21. Be5 $1 Nxe5 {[%emt 0:00:28] [#]} (21... f5 22. gxf6) 22. Qh3 $1 {[%emt 0:00:05] Weighted Error Value: White=0.02 (flawless) /Black=0.73} 1-0

[Event "ChessKid Cup Div-II 2023"]
[Site "Online"]
[Date "2023.05.25"]
[Round "55.1"]
[White "Andreikin, Dmitry"]
[Black "Mamedyarov, Shakhriyar"]
[Result "0-1"]
[ECO "A28"]
[WhiteElo "2729"]
[BlackElo "2738"]
[Annotator "TA"]
[PlyCount "48"]
[EventDate "2023.05.21"]
[EventType "k.o."]
[EventCountry "NET"]
[SourceTitle "playchess.com"]
[Source "ChessBase"]
[SourceQuality "1"]
[TimeControl "900+3"]

1. c4 e5 2. Nc3 Nf6 3. e3 d5 4. cxd5 Nxd5 5. Nf3 Nc6 6. Qc2 {[%emt 0:00:28] A28: English Opening: Four Knights Variation.} Nb6 $5 {[%emt 0:01:17][%mdl 4] A promising side line.} 7. Bb5 Bd6 8. d4 {[%emt 0:00:19] The position is equal.} exd4 (8... Bd7 $11) 9. Nxd4 $16 (9. exd4 $6 O-O $11) 9... O-O 10. Nxc6 bxc6 11. Bxc6 Rb8 {[%emt 0:00:22] [#]} 12. Bf3 $146 (12. b3 $16) ({Predecessor:} 12. b3 Ba6 13. Bb2 Be5 14. Rd1 Qh4 15. g3 Qh5 16. Kd2 Qh6 17. Qe4 Nc4+ 18. Kc2 Nxb2 19. Kxb2 {½-½ Gretarsson,H (2247)-Loftsson,H (2248) Reykjavik-ch 2008 (8)}) 12... Qh4 $11 13. b3 Re8 14. Bd2 (14. h3 $14) 14... Nd7 15. Ne4 {[%emt 0:02:36] Nxd6 would be deadly.} Ne5 16. Nxd6 Nxf3+ 17. gxf3 cxd6 18. Qc4 {[%emt 0:00:15] [#]} (18. Qd3 $11 {keeps the balance.}) 18... Qf6 $1 $17 {[%emt 0:01:04][%csl LRa1,LRf3] Black is more active.} (18... Qxc4 $6 19. bxc4 Bb7 20. Ke2 $11) 19. Rc1 d5 (19... Qxf3 $6 20. Rg1 $15) ({Black should play} 19... Bb7 $17 {[%cal Ob8c8] Hoping for ...Rbc8!} 20. Qd3 Rbc8) 20. Qc6 $15 (20. Qxd5 $2 {loses.} Bb7 21. Qa5 Rbc8 $19) 20... Be6 $1 $36 {[%emt 0:00:02][%mdl 2048] Black fights for an advantage.} 21. Bc3 $2 {[%emt 0:00:24][%mdl 8192] Loses the game.} (21. Rg1 $11 d4 22. Qc5) 21... Qxf3 $19 {[%emt 0:00:04] ( -> ...Bg4)} 22. Rg1 Bg4 23. Rxg4 Qxg4 24. Qd6 (24. Rd1 $142 Rbc8 25. Qb5) 24... Qg1+ {[%emt 0:00:15][%mdl 64] Deflection.   Weighted Error Value: White=0.85/Black=0.12 (very precise)} 0-1

[Event "ChessKid Cup Div-II 2023"]
[Site "Online"]
[Date "2023.05.25"]
[Round "55.2"]
[White "Mamedyarov, Shakhriyar"]
[Black "Andreikin, Dmitry"]
[Result "1-0"]
[ECO "A70"]
[WhiteElo "2738"]
[BlackElo "2729"]
[Annotator "TA"]
[PlyCount "77"]
[EventDate "2023.05.21"]
[EventType "k.o."]
[EventCountry "NET"]
[SourceTitle "playchess.com"]
[Source "ChessBase"]
[SourceQuality "1"]
[TimeControl "900+3"]

1. d4 Nf6 2. c4 c5 3. d5 e6 4. Nc3 exd5 5. cxd5 d6 6. e4 g6 7. Nf3 Bg7 8. h3 O-O 9. Bd3 a6 10. a4 Nbd7 {[%emt 0:00:01] 10...Nbd7 scores better than 10...Re8.} 11. O-O Nh5 12. Bg5 {[%emt 0:00:29] A70: Modern Benoni: 6 e4 g6 7 Nf3.} Bf6 13. Bh6 Re8 14. a5 $5 {[%emt 0:01:41][%mdl 4] Leaves trodden paths.} ({Better is} 14. Be2 $16) 14... Rb8 $14 {[%emt 0:00:24][%cal Ba8b8,Bb8b6,Bb6b4][%mdl 32] [#]} 15. Re1 $146 ({Predecessor:} 15. Qd2 Ne5 16. Nxe5 Bxe5 17. Ne2 b5 18. axb6 Rxb6 19. Ra2 Rb4 20. f4 Bh8 21. Kh2 {0-1 Pierrot,J (2442)-Ricardi,P (2500) ARG-ch 86th La Plata 2012 (10)}) 15... b5 16. axb6 Rxb6 17. Ra2 Ne5 18. Be2 (18. Nxe5 {is more complex.} Bxe5 19. Qc1 Qf6 20. Bg5) 18... Rb4 (18... Nxf3+ {simplifies} 19. Bxf3 Bg5 20. Bxg5 Qxg5 21. Bxh5 Qxh5 22. Qxh5 gxh5 23. f3 f5) 19. Nxe5 ({Reject} 19. Bxa6 Bxa6 20. Rxa6 Rxb2 $11) (19. Bd2 $5 ) 19... Rxe5 (19... Bxe5 $11 20. Bxh5 (20. Bxa6 Bxa6 21. Rxa6 Rxb2 $15) 20... Qh4 {[%mdl 64] Pin}) 20. Bxa6 (20. f4 $16 Rd4 21. Qc2) 20... Bxh3 21. gxh3 {[%emt 0:00:17] Bb5 is the strong threat.} Bg5 22. Bxg5 Rxg5+ 23. Kf1 {[%emt 0:01:08] Re3 would be deadly.} (23. Kh1 $5 Qf6 24. Qe2 $16) 23... Qf6 $2 {[%emt 0:00:36] [#] White now steadily converts the win.} (23... Ng3+ $1 $11 {and Black stays safe.} 24. fxg3 Rxg3) 24. Re3 $1 $18 Qf4 {[%emt 0:01:06] [#] And now ...Qh2 would win.} 25. Qf3 $1 Qh2 {[%emt 0:00:04] White must now prevent ...Qg1+.} 26. Ne2 {[%emt 0:00:51] Dodges Qg1+} f5 $2 (26... Nf6 27. b3 (27. Qxf6 {is a self mate.} Qh1+) 27... Nd7) 27. Bc8 Rd4 28. Ra1 {[%emt 0:00:17][%cal Re4f5] Prevents Rd1+.} Kg7 29. exf5 Rf4 30. Nxf4 Nxf4 {[%emt 0:00:16][%csl Gh2][%cal Rg5g1] [#]} 31. f6+ $1 Kxf6 32. Bg4 {[%emt 0:00:04] Threatening mate with Ra4.} Rxd5 33. Re4 Rd4 34. Rxd4 {[%emt 0:00:15] White mates.} cxd4 35. Rd1 Ke5 36. Re1+ Kf6 37. Re4 Kg5 {[%emt 0:00:01] [#]} 38. Rxf4 $1 Qxf4 {[%emt 0:00:01] [#]} 39. h4+ $1 {[%emt 0:00:01][%mdl 64] Deflection.   Weighted Error Value: White=0.62/Black=0.88} 1-0

[Event "ChessKid Cup Div-II 2023"]
[Site "Online"]
[Date "2023.05.25"]
[Round "56.1"]
[White "Nguyen, Ngoc Truong Son"]
[Black "Mamedyarov, Shakhriyar"]
[Result "1-0"]
[ECO "D27"]
[WhiteElo "2645"]
[BlackElo "2738"]
[Annotator "TA"]
[PlyCount "73"]
[EventDate "2023.05.21"]
[EventType "k.o."]
[EventCountry "NET"]
[SourceTitle "playchess.com"]
[Source "ChessBase"]
[SourceQuality "1"]
[TimeControl "900+3"]

1. d4 Nf6 2. Nf3 d5 3. c4 dxc4 4. e3 e6 5. Bxc4 c5 6. O-O a6 7. dxc5 Bxc5 8. Qxd8+ Kxd8 9. Be2 {[%emt 0:00:01] 9.Ne5 is a critical line. D27: Queen's Gambit Accepted: Classical main line: 7 e4!? and 7 a4.} Ke7 10. Nfd2 Rd8 {[%emt 0:00:25] [#]} 11. Nb3 $146 {[%emt 0:00:04] The position is equal.} ({Predecessor:} 11. b3 b6 12. Bf3 Ra7 13. Ne4 Nxe4 14. Bxe4 a5 15. Bb2 f5 16. Bf3 g5 17. h3 Rg8 18. g4 Bb7 19. Kg2 Bxf3+ 20. Kxf3 Nc6 21. Nc3 Ne5+ 22. Ke2 f4 {1-0 Chiku Ratte,O (2367)-Oberoi,S (2283) Washington op 9th 2022 (5)}) 11... Ba7 12. Bd2 Nc6 13. Rc1 Bd7 14. Na3 Rac8 15. Na5 Nxa5 16. Bxa5 Rxc1+ 17. Rxc1 Rc8 18. Bb4+ Kd8 19. Rxc8+ Kxc8 20. Nc4 {[%emt 0:00:09] And now Nd6+ would win.} Ne8 21. g4 f6 22. h4 Bb5 23. b3 Kd7 24. Bd3 h6 25. Bf8 Bb8 {[%emt 0:02:32] [#]} 26. Bg6 $1 {[%emt 0:00:13] White is more active.} Bxc4 {[%emt 0:00:05] This move loses the game for Black.} (26... Bc6 $16 {was worth a try.}) 27. bxc4 $16 {[%emt 0:00:08][%mdl 4096] Endgame KBB-KBN} f5 (27... Kd8 {might work better.} 28. Bxe8 Kxe8 29. Bxg7 h5) 28. gxf5 $18 exf5 29. Bxf5+ Kd8 30. c5 {[%emt 0:00:42] Prevents Bd6.} Be5 31. f4 Bf6 32. h5 Nc7 $2 {[%emt 0:00:14] [#]} (32... Be7 {was called for.}) 33. e4 {[%emt 0:00:19][%cal Be3e4,Be4e5][%mdl 32] White is clearly winning.} Ke8 34. Bd6 Nb5 (34... Kd8 $142 35. Kf2 Be7) 35. Bc8 Bc3 36. Kg2 (36. Bxb7 Nxd6 37. cxd6 Bd2 38. Bc6+ (38. Bxa6 Kd7 $16) 38... Kf7 $16) 36... Bb4 37. e5 {[%emt 0:00:07] Weighted Error Value: White=0.06 (flawless) /Black=0.30} ({Less strong is} 37. Bxb7 Nxd6 38. cxd6 Bxd6 $18) 1-0

[Event "ChessKid Cup Div-II 2023"]
[Site "Online"]
[Date "2023.05.25"]
[Round "56.2"]
[White "Mamedyarov, Shakhriyar"]
[Black "Nguyen, Ngoc Truong Son"]
[Result "1-0"]
[ECO "D36"]
[WhiteElo "2738"]
[BlackElo "2645"]
[Annotator "TA"]
[PlyCount "49"]
[EventDate "2023.05.21"]
[EventType "k.o."]
[EventCountry "NET"]
[SourceTitle "playchess.com"]
[Source "ChessBase"]
[SourceQuality "1"]
[TimeControl "900+3"]

1. d4 Nf6 2. c4 e6 3. Nc3 d5 4. cxd5 exd5 5. Bg5 c6 6. e3 Be7 7. Bd3 O-O 8. Qc2 Nbd7 9. Nf3 Re8 10. h3 Nf8 11. O-O Be6 12. Rae1 {[%emt 0:00:55] D36: Queen's Gambit Declined: Exchange Variation: Main line (5 Bg5 c6 6 Qc2).} Rc8 13. Ne5 c5 14. f4 {[%emt 0:00:13][%cal Bf2f4,Bf4f5,Bf5f6][%mdl 32] [#] White is slightly better.} cxd4 $146 ({Predecessor:} 14... a6 15. g4 b5 16. Qg2 Qb6 17. f5 Bd7 18. Bxf6 Bxf6 19. Nxd5 Qd6 20. Nxf6+ Qxf6 {1-0 Laurens,J (1790)-Iemmi,C (1690) FRA-ch U14 Girls 2002 (9.3)}) 15. exd4 Qb6 16. Qf2 {[%emt 0:00:09] Black must now prevent f5. White has more active pieces.} Ne4 17. Bxe4 $18 (17. Nxe4 dxe4 18. Bxe4 Bb4 $11) 17... dxe4 (17... Bxg5 $142 18. Nxd5 (18. Bxd5 Bh4 $16) (18. fxg5 dxe4 19. Rxe4 Ng6 $16) 18... Bh4 19. Nxb6 (19. Qxh4 Bxd5 20. Qf2 Red8 $14) 19... Bxf2+ 20. Rxf2 axb6 21. Bxb7 Rc7) 18. Bxe7 ({Worse is} 18. Nxe4 f6 19. Bh4 Bxa2 $17) 18... Rxe7 19. f5 ({Not} 19. Rxe4 f6 $16) ({Stronger than} 19. Nxe4 Bxa2 20. Nc3 Bb3 $11) 19... e3 20. Rxe3 {[%emt 0:00:06] White is clearly winning.} Bxa2 21. Nxa2 Qxd4 22. Rfe1 Rce8 23. Nc3 h5 (23... f6 $142 24. Nc6 Rxe3 25. Nxd4 Rxe1+ 26. Kh2 R1e5) 24. f6 Rxe5 25. Rxe5 {[%emt 0:00:02] White took control after the opening.   Weighted Error Value: White=0.22 (precise) /Black=0.58} 1-0

[Event "ChessKid Cup Div-II 2023"]
[Site "Online"]
[Date "2023.05.25"]
[Round "56.3"]
[White "Mamedyarov, Shakhriyar"]
[Black "Nguyen, Ngoc Truong Son"]
[Result "1-0"]
[ECO "D60"]
[WhiteElo "2738"]
[BlackElo "2645"]
[Annotator "TA"]
[PlyCount "53"]
[EventDate "2023.05.21"]
[EventType "k.o."]
[EventCountry "NET"]
[SourceTitle "playchess.com"]
[Source "ChessBase"]
[SourceQuality "1"]
[TimeControl "900+3"]

1. d4 d5 2. c4 c6 3. Nf3 Nf6 4. Qb3 e6 5. Bg5 Be7 6. e3 Nbd7 {[%emt 0:00:17] is now more promising than 6...0-0.} 7. Nc3 O-O 8. Be2 h6 {[%emt 0:00:15] D60: Queen's Gambit Declined: Classical: Unusual White 7th moves.} 9. Bh4 {[%emt 0:00:08] [#]} a5 $146 ({Predecessor:} 9... a6 10. O-O b6 11. Rad1 Bb7 12. Rfe1 dxc4 13. Bxc4 b5 14. Bf1 Qe8 15. e4 c5 {0-1 Epishin,V (2517)-Shimanov,A (2581) St Petersburg Blitz 2021 (10)}) 10. O-O b6 {[%emt 0:01:00] White is slightly better.} 11. cxd5 Nxd5 12. Bg3 N7f6 (12... Bb7 $11) 13. Rac1 {[%emt 0:00:24] White is more active.} Bb7 14. Nxd5 Nxd5 15. a3 Bd6 16. Rfd1 a4 17. Qc2 Bxg3 18. hxg3 Qe7 19. Ne5 Rfc8 {[%emt 0:00:05] [#]} (19... Qd6 $16 {might work better.}) 20. Bh5 $1 $18 Rf8 21. Nxc6 Qg5 {[%emt 0:00:04] [#]} 22. Qe2 Ba6 23. Qg4 Qf6 $2 {[%emt 0:00:49] This move loses the game for Black.} (23... Rfe8 $16 24. Qxg5 hxg5) 24. e4 {[%emt 0:00:22][%cal Be3e4,Be4e5][%mdl 32] White is clearly winning.} Nc7 (24... g6 $142 25. exd5 exd5) 25. e5 Qg5 26. Qxg5 {[%emt 0:00:04][%mdl 64] Remove Defender} hxg5 27. Ne7+ {[%emt 0:00:04][%mdl 64] Discovered Attack.   Weighted Error Value: White=0.04 (flawless) /Black=0.48} 1-0